 Dungeon Crawl Stone Soup version 0.18-a0-455-gc7d4c65 (webtiles) character file.

88895 Raultor the Spry (level 15, -8/119 HPs)
             Began as a Vampire Assassin on Dec 1, 2015.
             Was the Champion of Dithmenos.
             Mangled by an orc warrior
             ... wielding a +0 long sword
              (25 damage)
             ... on level 4 of the Orcish Mines.
             The game lasted 02:26:08 (35992 turns).

Raultor the Spry (Vampire Assassin)                Turns: 35992, Time: 02:26:08

Health: -8/119     AC: 12    Str: 13    XL:     15   Next: 47%
Magic:  19/19      EV: 26    Int: 14    God:    Dithmenos [******]
Gold:   1981       SH:  6    Dex: 20    Spells: 1 memorised, 13 levels left

rFire  + + .     SeeInvis +     a - +0 rapier (freeze)
rCold  . . .     Clarity  .     W - +1 robe of Theory {Regen+}
rNeg   + . .     SustAt   .     j - +0 buckler
rPois  .         Gourm    .     L - +2 hat
rElec  +         Spirit   .     D - +0 cloak
rCorr  .         Dsmss    .     d - +4 pair of gloves "Xauhek" {Str+3}
rMut   .         Stasis   +     (no boots)
MR     +....                    E - amulet of stasis
Stlth  ++++++++++               F - ring of protection from fire
                                o - ring of protection from fire

@: wreathed by umbra, somewhat resistant to hostile enchantments, uncannily
stealthy
A: fangs 3, see invisible, dopey 1, electricity resistance, unbreathing, subdued
magic 1
a: Bat Form, Shadow Step, Shadow Form, Renounce Religion


You were on level 4 of the Orcish Mines.
You worshipped Dithmenos.
Dithmenos was exalted by your worship.
You were not thirsty.

You visited 4 branches of the dungeon, and saw 26 of its levels.

You collected 2809 gold pieces.
You spent 828 gold pieces at shops.

Inventory:

Hand Weapons
 a - a +0 rapier of freezing (weapon)
 b - a +3 dagger of venom
 M - a +2 short sword of venom
 T - a +0 blowgun
Missiles
 e - 85 poisoned needles
 f - 4 curare-tipped needles
 H - 7 silver javelins
 P - 2 throwing nets (quivered)
Armour
 d - the +4 pair of gloves "Xauhek" (worn) {Str+3}
   (You bought it in a shop on level 11 of the Dungeon)

   It affects your strength (+3).
 j - a +0 buckler (worn)
 B - the +5 ring mail of Gixenni {rN+}
   (You found it on level 4 of the Dungeon)

   It protects you from negative energy.
 D - a +0 cloak (worn)
 L - a +2 hat (worn)
 U - a +2 robe of resistance
 W - the +1 robe of Theory (worn) {Regen+}
   (You found it on level 9 of the Dungeon)

   It increases your rate of regeneration.
Jewellery
 c - an uncursed ring of flight
 i - the ring of Pajustu {rC+ SInv}
   (You found it on level 3 of the Lair of Beasts)

   [ring of protection from cold]

   It protects you from cold.
   It lets you see invisible.
 o - a ring of protection from fire (left hand)
 E - an amulet of stasis (around neck)
 F - a ring of protection from fire (right hand)
 Q - the ring "Ociekib" {Ice Int+2 Dex+3}
   (You found it on level 4 of the Orcish Mines)

   [ring of ice]

   It enhances your ice magic, and weakens your fire magic.
   It affects your intelligence (+2).
   It affects your dexterity (+3).
   It makes you vulnerable to fire.
   It protects you from cold.
Wands
 z - a wand of draining (10)
 G - a wand of confusion (6)
 J - a wand of paralysis (8)
 K - a wand of hasting (7)
 N - a wand of disintegration (12)
 R - a wand of disintegration (8)
Scrolls
 h - 5 scrolls of enchant armour
 l - 5 scrolls of remove curse
 n - 3 scrolls of identify
 q - 10 scrolls of teleportation
 y - 3 scrolls of blinking
 A - 3 scrolls of magic mapping
 C - 2 scrolls of amnesia
 I - 4 scrolls of fear
 X - a scroll of recharging
Potions
 g - 18 potions of blood
 k - 11 potions of curing
 m - a potion of cure mutation
 p - a potion of cancellation
 r - a potion of might
 s - a potion of agility
 t - a potion of haste
 u - a potion of magic
 v - a potion of invisibility
 w - 3 potions of brilliance
 x - 2 potions of resistance
 V - 2 potions of heal wounds
 Z - a potion of flight
Books
 O - a book of Unlife

   Spells                             Type                      Level
   a - Recall                         Summoning/Translocation      3
   b - Animate Dead                   Necromancy                   4
   c - Control Undead                 Necromancy                   4
   d - Cigotuvi's Embrace             Necromancy                   5
   e - Death Channel                  Necromancy                   6
   f - Simulacrum                     Ice/Necromancy               6
 Y - a book of Spatial Translocations

   Spells                             Type                      Level
   a - Apportation                    Translocation                1
   b - Blink                          Translocation                2
   c - Shroud of Golubria             Charms/Translocation         2
   d - Portal Projectile              Translocation                3
   e - Teleport Other                 Translocation                3
   f - Passage of Golubria            Translocation                4


   Skills:
 + Level 11.2 Fighting
 - Level 14.2 Short Blades
   Level 0.4(8.7) Long Blades
 - Level 1.5 Throwing
 + Level 6.3 Armour
 - Level 15.2 Dodging
 - Level 12.0 Stealth
 - Level 5.7 Shields
 + Level 0.6 Spellcasting
 - Level 6.8 Charms
 + Level 0.4 Translocations
 * Level 5.6 Invocations
 * Level 5.9 Evocations


You had 13 spell levels left.
You knew the following spells:

 Your Spells              Type           Power        Failure   Level  Hunger
a - Shroud of Golubria    Chrm/Tloc      #.........   5%          2    ###....


Dungeon Overview and Level Annotations

Branches:
Dungeon (13/15)            Temple (1/1) D:5            Lair (8/8) D:11
 Shoals (0/4) Lair:3        Snake (0/4) Lair:3        Slime (0/6) Lair:8
    Orc (4/4) D:12            Elf (0/3) Orc:4
 Vaults: D:13-14

Altars:
Ashenzari
Cheibriados
Dithmenos
Elyvilon
Fedhas
Gozag
Kikubaaqudgha
Makhleb
Nemelex Xobeh
Okawaru
Qazlal
Ru
Sif Muna
Trog
Vehumet
Xom
Yredelemnul
Zin
The Shining One
Beogh
Jiyva
Lugonu

Shops:
D:11 %(*[   D:12 !   Orc:2 (   Orc:4 !%

Portals:
Hell: Lair:8

Annotations:
D:8 exclusion: 8 doors
Orc:3 xeno23's ghost, journeyman DgAE


Innate Abilities, Weirdness & Mutations

You have razor-sharp teeth.
You have supernaturally acute eyesight.
You can survive without breathing.
You are dopey. (Int -2)
You are resistant to electric shocks.
Your spells are a little easier to cast, but a little less powerful.


Message History

The orc wizard misses you.
You hit the orc wizard. You freeze the orc wizard.
The orc wizard is heavily wounded.
Your shadow barely misses the orc wizard.
The orc warrior barely misses you.
You hit the orc wizard but do no damage.
Your bite misses the orc wizard.
The orc wizard is heavily wounded.
Your shadow hits the orc wizard with a rapier.
The orc warrior hits you but does no damage.
The orc wizard gestures at you while chanting.
You block the puff of frost.
You hit the orc wizard. You freeze the orc wizard.
You kill the orc wizard!
Dithmenos accepts your kill.
Dithmenos appreciates your extinguishing a source of fire.
The orc warrior hits you from afar with a halberd!
* * * LOW HITPOINT WARNING * * *
The orc warrior hits you with a long sword!!
You die...

. .o....#...#... ..#
.............. ....##
......o......
......###
....8.8.....
......).###.........#
#
#...)o.##.......##..
##..o@.)...........o
###.).....8.8......
#####.........# ## #
#####'######### ≈≈# .
#.##...#... #≈≈######
#. #.##...#.##
≈≈≈≈#≈#≈##
#.##+###.###'##.#†
#≈≈≈≈.##
#....#..........#.
#≈≈≈...##
#....#.##'##....##


You could see 2 orc warriors.

Vanquished Creatures
  Rupert (Lair:5)
  The ghost of xeno23 the Zephyrmancer, a journeyman DgAE (Lair:4)
  The ghost of Crishpax the Eclecticist, a journeyman DEWz of Vehumet (Lair:4)
  An ice dragon (Lair:4)
  7 hydras
  Erica (D:8)
  The ghost of M4edhros the Covert, a journeyman OpAr of Fedhas (Orc:3)
  A catoblepas (Lair:6)
  23 death yaks
  An orc high priest (Orc:4)
  A sun demon (Lair:8)
  A hill giant (D:11)
  A wizard (Lair:8)
  5 orc knights
  An ugly thing (D:8)
  4 orc sorcerers (Orc:4)
  2 manticores
  16 elephants
  An oklob plant (Lair:7)
  4 cyclopes
  A sixfirhy (Lair:7)
  2 griffons
  2 black mambas
  A centaur zombie (D:10)
  2 torpor snails
  12 spiny frogs
  4 orange demons (Lair:8)
  7 fire drakes
  9 komodo dragons
  3 ice devils (Lair:8)
  A red devil (Lair:8)
  A hellwing (Lair:8)
  8 trolls
  2 polar bears
  4 two-headed ogres
  A trapdoor spider zombie (D:10)
  18 blink frogs
  2 boulder beetles
  A tarantella (shapeshifter) (D:8)
  A spriggan (D:8)
  3 deep elf magi
  4 basilisks
  A trapdoor spider (D:11)
  3 wargs
  9 wolves
  A vampire mosquito (D:8)
  6 hippogriffs
  3 nagas (Lair:3)
  69 yaks
  Edmund (D:6)
  17 water moccasins
  7 sky beasts
  3 ice beasts
  2 hell hounds (Lair:8)
  30 orc warriors
  10 porcupines
  4 black bears
  A wasp (D:12)
  7 ogres
  5 phantoms
  A necrophage (D:11)
  4 centaurs
  15 crocodiles
  2 big kobolds (D:11)
  21 giant frogs
  A wyvern zombie (D:12)
  3 scorpions
  5 killer bees (D:13)
  2 jellies
  An electric eel (Lair:5)
  16 wights
  A vampire bat (Lair:3)
  6 hounds
  29 orc priests
  5 crimson imps
  2 giant frog zombies
  Crazy Yiuf (D:5)
  2 quasits
  2 centaur skeletons
  A giant frog skeleton (D:6)
  Jessica (D:3)
  5 iguanas
  Natasha (thrice) (D:3)
  6 sheep (Lair:5)
  8 worker ants
  22 orc wizards
  6 hell rats (Lair:2)
  A killer bee zombie (D:5)
  2 hound skeletons
  A gnoll (D:7)
  61 river rats
  2 worker ant zombies
  21 adders
  3 white imps (Lair:4)
  4 shadow imps
  3 oozes
  An adder zombie (D:6)
  3 worms
  190 orcs
  5 giant cockroaches
  8 goblins
  11 hobgoblins
  17 kobolds
  3 quokkas
  A ball python zombie (D:5)
  12 bats
  A giant gecko (D:3)
  2 giant gecko skeletons (D:6)
  6 giant newts
  5 jackals
  A quokka skeleton (D:8)
  40 rats
  A butterfly (D:5)
  A plant (Lair:7)
919 creatures vanquished.

Vanquished Creatures (others)
  An orc sorcerer (Orc:3)
  An orc wizard (Orc:2)
  An orc (Orc:3)
  45 fungi
  12 plants
60 creatures vanquished.

Grand Total: 979 creatures vanquished

Notes
Turn   | Place    | Note
--------------------------------------------------------------
     0 | D:1      | Raultor the Vampire Assassin began the quest for the Orb.
     0 | D:1      | Reached XP level 1. HP: 16/16 MP: 1/1
    23 | D:1      | Reached skill level 6 in Stealth
   268 | D:1      | Reached XP level 2. HP: 22/22 MP: 2/2
   796 | D:1      | Reached skill level 7 in Stealth
  1157 | D:2      | Found a burning altar of Makhleb.
  1270 | D:2      | Reached XP level 3. HP: 27/27 MP: 3/3
  1368 | D:2      | Found a shimmering altar of Xom.
  1853 | D:2      | Reached skill level 8 in Stealth
  1906 | D:2      | Reached XP level 4. HP: 28/33 MP: 4/4
  2226 | D:3      | Found a shadowy altar of Dithmenos.
  2301 | D:3      | Became a worshipper of Dithmenos the Shadowed
  2455 | D:3      | Noticed Jessica
  2465 | D:3      | Killed Jessica
  2465 | D:3      | Reached XP level 5. HP: 23/38 MP: 5/5
  2807 | D:3      | Noticed Natasha
  2809 | D:3      | Reached skill level 9 in Stealth
  2826 | D:3      | Killed Natasha
  3035 | D:3      | Noticed Natasha
  3048 | D:3      | Killed Natasha
  3125 | D:3      | Noticed Natasha
  3131 | D:3      | Killed Natasha
  3363 | D:3      | Found an iron altar of Okawaru.
  3644 | D:4      | Reached * piety under Dithmenos
  3918 | D:4      | Got a bloodstained ring mail
  3929 | D:4      | Identified the +5 ring mail of Gixenni {rN+} (You found it on level 4 of the Dungeon)
  4002 | D:4      | Reached XP level 6. HP: 34/44 MP: 6/6
  4293 | D:5      | Entered Level 5 of the Dungeon
  4323 | D:5      | Reached skill level 1 in Armour
  4372 | D:5      | Found a shattered altar of Ashenzari.
  4419 | D:5      | Reached skill level 10 in Stealth
  4508 | D:5      | Reached skill level 1 in Shields
  5039 | D:5      | Reached XP level 7. HP: 45/51 MP: 7/7
  5180 | D:5      | Found a deep blue altar of Sif Muna.
  5207 | D:5      | Noticed Crazy Yiuf
  5211 | D:5      | Killed Crazy Yiuf
  5929 | D:5      | Found a staircase to the Ecumenical Temple.
  5980 | Temple   | Entered the Ecumenical Temple
  6509 | D:6      | Reached ** piety under Dithmenos
  6864 | D:6      | Reached XP level 8. HP: 39/58 MP: 8/8
  6931 | D:6      | Noticed Edmund
  6936 | D:6      | Found a snail-covered altar of Cheibriados.
  6941 | D:6      | Killed Edmund
  6941 | D:6      | Reached skill level 5 in Dodging
  6941 | D:6      | Reached skill level 11 in Stealth
  7583 | D:6      | Found a stormy altar of Qazlal.
  7592 | D:6      | Found a blossoming altar of Fedhas.
  7959 | D:7      | Found a glowing golden altar of the Shining One.
  8112 | D:7      | Reached XP level 9. HP: 65/65 MP: 9/9
  8282 | D:7      | Reached skill level 5 in Short Blades
  9259 | D:8      | Noticed a purple ugly thing
  9290 | D:8      | Killed a purple ugly thing
  9290 | D:8      | Reached skill level 5 in Armour
  9666 | D:8      | Noticed a komodo dragon
  9666 | D:8      | a redback changed into a komodo dragon
  9709 | D:8      | Noticed an elephant
  9709 | D:8      | a komodo dragon changed into an elephant
  9961 | D:8      | Reached *** piety under Dithmenos
 10099 | D:8      | Reached XP level 10. HP: 18/73 MP: 10/10
 11095 | D:8      | Noticed Erica
 11101 | D:8      | Killed Erica
 11471 | D:9      | Found a bloodstained altar of Trog.
 11553 | D:9      | Got an opalescent robe
 11564 | D:9      | Identified the +1 robe of Theory {Regen+} (You found it on level 9 of the Dungeon)
 11767 | D:9      | Reached skill level 5 in Fighting
 12051 | D:10     | Entered Level 10 of the Dungeon
 12898 | D:10     | Reached **** piety under Dithmenos
 13034 | D:11     | Found Zegutz's Assorted Antiques.
 13044 | D:11     | Bought a smoky silvery potion for 33 gold pieces
 13044 | D:11     | Bought a notched granite ring for 185 gold pieces
 13044 | D:11     | Bought a glowing dagger for 74 gold pieces
 13101 | D:11     | Found Nicateij's Antique Armour Shoppe.
 13120 | D:11     | Bought a pair of encrusted gloves for 266 gold pieces
 13132 | D:11     | Identified the +4 pair of gloves "Xauhek" {Str+3} (You bought it in a shop on level 11 of the Dungeon)
 13162 | D:11     | Reached XP level 11. HP: 80/80 MP: 11/11
 13338 | D:11     | Reached skill level 5 in Shields
 13378 | D:11     | Found Sotog's Food Emporium.
 13453 | D:11     | Noticed a hill giant
 13469 | D:11     | Killed a hill giant
 13469 | D:11     | Reached skill level 10 in Dodging
 13584 | D:11     | Gained mutation: Your body sometimes deteriorates upon taking damage. [potion of mutation]
 13584 | D:11     | Gained mutation: You have a pair of small horns on your head. [potion of mutation]
 13584 | D:11     | Gained mutation: You evolve. [potion of mutation]
 13585 | D:11     | Lost mutation: You have a pair of small horns on your head. [potion of cure mutation]
 13585 | D:11     | Lost mutation: Your body sometimes deteriorates upon taking damage. [potion of cure mutation]
 13585 | D:11     | Lost mutation: You evolve. [potion of cure mutation]
 13860 | D:11     | Found Fipa's Antique Weapon Shop.
 14101 | D:11     | Found a staircase to the Lair.
 14436 | D:12     | Got a sheer robe
 14447 | D:12     | Identified the +1 robe of True Grit {Regen+} (You found it on level 12 of the Dungeon)
 14531 | D:12     | Found Exynozosch's Distillery.
 14811 | D:12     | Bought 2 potions of heal wounds for 130 gold pieces
 15171 | D:12     | Found a staircase to the Orcish Mines.
 15290 | D:12     | Reached ***** piety under Dithmenos
 16244 | D:13     | Reached skill level 10 in Short Blades
 16407 | Lair:1   | Entered Level 1 of the Lair of Beasts
 16492 | Lair:1   | Reached XP level 12. HP: 89/89 MP: 12/12
 16522 | Lair:1   | Gained mutation: You are resistant to electric shocks. [potion of mutation]
 16522 | Lair:1   | Gained mutation: You are dopey. (Int -2) [potion of mutation]
 16522 | Lair:1   | Gained mutation: Your spells are a little easier to cast, but a little less powerful. [potion of mutation]
 16607 | Lair:1   | Reached skill level 12 in Dodging
 17046 | Lair:1   | Found a deep blue altar of Sif Muna.
 18217 | Lair:3   | Found a staircase to the Shoals.
 18235 | Lair:3   | Reached skill level 13 in Dodging
 18581 | Lair:3   | Found a staircase to the Snake Pit.
 18702 | Lair:3   | Got a crude ivory ring
 18703 | Lair:3   | Identified the ring of Pajustu {rC+ SInv} (You found it on level 3 of the Lair of Beasts)
 18710 | Lair:3   | Noticed a five-headed hydra
 19356 | Lair:3   | Killed a five-headed hydra
 19593 | Lair:3   | Reached skill level 14 in Dodging
 19970 | Lair:4   | Noticed xeno23's ghost (journeyman DgAE)
 19970 | Lair:4   | Noticed Crishpax's ghost (journeyman DEWz)
 20111 | Lair:4   | Noticed an ice dragon
 20130 | Lair:4   | Reached XP level 13. HP: 96/96 MP: 13/13
 21066 | Lair:4   | Killed xeno23's ghost
 21348 | Lair:4   | Killed Crishpax's ghost
 21834 | Lair:5   | Noticed Rupert
 21876 | Lair:5   | Killed Rupert
 21876 | Lair:5   | Reached skill level 15 in Dodging
 22655 | Lair:5   | Reached skill level 1 in Evocations
 22739 | Lair:5   | Learned a level 2 spell: Shroud of Golubria
 22884 | Lair:5   | Reached skill level 1 in Invocations
 23050 | Lair:5   | Reached skill level 1 in Charms
 23356 | Lair:6   | Reached ****** piety under Dithmenos
 24873 | Lair:6   | Reached XP level 14. HP: 86/108 MP: 16/16
 25552 | Lair:8   | Entered Level 8 of the Lair of Beasts
 25945 | Lair:7   | Reached skill level 5 in Charms
 26169 | Lair:7   | Found a blossoming altar of Fedhas.
 27074 | Lair:7   | Reached skill level 10 in Fighting
 28426 | Lair:8   | Found a viscous altar of Jiyva.
 28426 | Lair:8   | Found a staircase to the Slime Pits.
 29488 | Lair:8   | Reached skill level 5 in Evocations
 30205 | Lair:8   | Found a burning altar of Makhleb.
 30888 | Lair:8   | Reached XP level 15. HP: 94/117 MP: 18/18
 30934 | Lair:8   | Reached skill level 5 in Invocations
 31233 | Lair:8   | Found a gateway to Hell.
 31981 | Orc:1    | Entered Level 1 of the Orcish Mines
 32578 | Orc:3    | Noticed xeno23's ghost (journeyman DgAE)
 33777 | Orc:3    | Found a roughly hewn altar of Beogh.
 33787 | Orc:3    | Noticed M4edhros's ghost (journeyman OpAr)
 34036 | Orc:3    | Killed M4edhros's ghost
 34229 | Orc:2    | Found Silemn's Weapon Shop.
 34573 | Orc:4    | Entered Level 4 of the Orcish Mines
 35063 | Orc:4    | Found a roughly hewn altar of Beogh.
 35207 | Orc:4    | Found Ryleme's Food Emporium.
 35222 | Orc:4    | Found Kiokoint's Distillery.
 35232 | Orc:4    | Bought a potion of might for 56 gold pieces
 35232 | Orc:4    | Bought a potion of heal wounds for 70 gold pieces
 35232 | Orc:4    | Bought a potion of poison for 14 gold pieces
 35621 | Orc:4    | Found a staircase to the Elven Halls.
 35755 | Orc:4    | Got a sparkling glass ring
 35757 | Orc:4    | Identified the ring "Ociekib" {Ice Int+2 Dex+3} (You found it on level 4 of the Orcish Mines)
 35992 | Orc:4    | Mangled by an orc warrior

Vault maps used:
D:1:      erik_arrival_cave_to_civilisation,
          hangedman_abyss_or_decor_lesser_grid
D:2:      lemuel_round_altar, xom_teletrap_fun, minmay_rats_cheesy_pizza
D:3:      old_standard_altar, grunt_ministairs_15,
          nicolae_dithmenos_through_a_glass_darkly, uniq_jessica, uniq_natasha
D:4:      first_bread
D:5:      kennysheep_mini_moat, cheibrodos_ashenzari_chains,
          minmay_temple_entry_butterflies, uniq_crazy_yiuf_cottage
D:6:      grunt_temple_overflow_forces_of_nature, lemuel_crystal_altar,
          uniq_edmund
D:7:      nicolae_tso_swordbearing_angel
D:8:      kennysheep_big_flooded_room, the_bakery, minivault_26, uniq_erica
D:9:      kennysheep_little_box
D:11:     lair_0_dummy, serial_shops, nicolae_shop_stone, shop_fountains,
          nicolae_shop_overgrown_old_shop, shop, st_stairs_12, minivault_11,
          kennysheep_small_circle
D:12:     orc_0_dummy, serial_shops, nicolae_shop_stone
D:13:     portal_ice_cave_entry_ice_statue_01
Temple:   corrupted_temple
Lair:1:   basic_altar, serial_bayou_ford_a
Lair:3:   minmay_shoals_entry_beasts, guppyfry_snake_entry_island,
          roderic_batcave
Lair:4:   bobbens_ice_dragon_lair
Lair:5:   gammafunk_lair_bear_cave, uniq_rupert
Lair:6:   beast_lair_carwin_large_3, guppyfry_lair_drakes,
          infiniplex_staircase_pool, grunt_megastairs_3
Lair:7:   tgw_fedhas, lemuel_fruit_tree, serial_bayou_shore_b
Lair:8:   evil_forest, slime_altar_1, serial_bayou_pond_c
Orc:1:    nicolae_orc_damp_corner
Orc:2:    nicolae_orc_accident_1, serial_shops, nicolae_shop_trees
Orc:3:    basic_altar, nicolae_orc_pool_cavern, uniq_maurice, uniq_harold
Orc:4:    pubby_orc_utopia

Action                   |  1- 3 |  4- 6 |  7- 9 | 10-12 | 13-15 || total
-------------------------+-------+-------+-------+-------+-------++-------
Melee: Dagger            |   121 |   274 |    60 |   561 |    13 ||  1029
       Falchion          |       |     7 |       |       |       ||     7
       Short sword       |       |       |   342 |  1104 |  1600 ||  3046
       Rapier            |       |       |       |       |  2226 ||  2226
 Fire: Blowgun           |       |     1 |     4 |     4 |    50 ||    59
Throw: Javelin           |       |       |       |       |     1 ||     1
       Throwing net      |       |       |       |       |     1 ||     1
 Cast: Shroud of Golubri |       |       |       |       |     2 ||     2
Invok: Shadow Step       |       |       |       |       |     4 ||     4
 Abil: End Transformatio |       |     1 |     1 |     1 |     6 ||     9
       Bat Form          |       |     1 |     1 |     1 |     6 ||     9
Evoke: Wand              |       |       |       |     2 |     2 ||     4
  Use: Potion            |       |     1 |     5 |    14 |    14 ||    34
       Scroll            |       |       |       |    28 |     8 ||    36
 Stab: Sleeping          |    19 |    16 |    29 |    78 |   104 ||   246
       Distracted        |       |     1 |     2 |     8 |    22 ||    33
       Invisible         |       |       |       |    11 |     7 ||    18
       Petrifying        |       |       |       |     2 |       ||     2
       Paralysed         |       |       |       |     1 |     1 ||     2
       Held in net/web   |       |       |       |       |     1 ||     1
  Eat: Corpse            |       |     2 |     2 |     8 |    10 ||    22
